Unix NetHack Version 5.0.0-0 post-release - last build May 30 2026 05:04:26 (55804bc15828dd6e32e9076e0726aa6fccb6e981,branch:main).

Game began 2026-05-30 22:58:33, ended 2026-05-30 23:38:29.

Eisengrim, chaotic male elven Wizard

             --------    -------
 -------    #-.....<|   #.)....|        -----
 |[[[[[|    #|......|   #|......#       |...|        ------------
 |[[[[[|   ##|......|   #|....:|#       |...|########-..........|
 |.....|  ## |......|   #.......##      |...-###     |...........##
 -|-----  #  |......|   #|{....|##      -.---# ####  ...........|############
  ###    ##  -|------  ##-------############## #     ---.--------#     #----.-
    #    #    )    #####        #      #       #       ###########     #|....|
    #    #    #    r            #      #       ###      #              #-....|
    #   ##    #    @            #   ####         ##  ####               |....|
    #   #    -.--- f            ##  #             #  #                  |....|
   -.---#    |...| #             #  #             #  #                  |.{..|
   |..)|#    |...|(#             #  #             #  #                  ------
   |.>.|#    |.).-#              #--.--------     ##-.------
   |....#    |...|               #-.......`.|      #|>.....|
   -----     -----                |....)....|      #|......|
                                  |.........|      #|......|
                                  |.........|      #.......|
                                  -----------       --------

Eisengrim the Thaumaturge  St:11 Dx:14 Co:13 In:20 Wi:11 Ch:10  Chaotic
Dlvl:2  $:356 HP:0(38) Pw:33(57) AC:8  Xp:6 T:4079  Burdened

Latest messages:
 In what direction?
 The spell hits the rothe!
 The rothe hits!
 The rothe bites!
 The rothe bites again!
 The large cat drops an empty unlocked chest.
 In what direction?
 The spell hits the rothe!
 You kill the rothe!
 You hear someone counting gold coins.
 The large cat picks up an empty unlocked chest.
 There is a rothe corpse here; eat it? [ynq] (n)
 This rothe corpse is gamey.
 You stop eating the rothe corpse.
 The rothe hits!
 The rothe bites!
 The rothe bites again!
 In what direction?
 The spell hits the rothe!
 You kill the rothe!
 The large cat drops an empty unlocked chest.
 There is a partly eaten rothe corpse here; eat it? [ynq] (n)
 You resume your meal.
 You stop eating the rothe corpse.
 You swap places with your large cat.
 Your large cat eats a partly eaten rothe corpse.
 Your large cat eats a rothe corpse.
 Your large cat eats a rothe corpse.
 In what direction?
 You feel better.
 In what direction?
 You feel better.
 You swap places with your large cat.
 You see here a lock pick.
 You hit the rabid rat.
 The rabid rat bites!
 The rabid rat bites!
 You miss the rabid rat.
 The rabid rat bites!
 The rabid rat's bite was poisoned!
 You hit the rabid rat.
 The rabid rat bites!
 You miss the rabid rat.
 The rabid rat bites!
 The rabid rat's bite was poisoned!
 Wizard is about to die.
 You die...
 Do you want your possessions identified? [ynq] (y)
 Do you want to see your attributes? [ynq] (y)
 Do you want an account of creatures vanquished? [ynaq] (y)

Inventory:
 Coins    ('$')
  $ - 356 gold pieces
 Weapons  (')')
  H - a +0 elven dagger (weapon in right hand)
  a - a blessed +1 quarterstaff
 Armor    ('[')
  K - an uncursed +0 pair of gauntlets of dexterity (being worn)
  b - an uncursed +0 cloak of magic resistance (being worn)
 Comestibles  ('%')
  p - an uncursed food ration
 Scrolls  ('?')
  y - 2 uncursed scrolls of destroy armor
  A - a blessed scroll of enchant armor
  F - a blessed scroll of gold detection
  X - an uncursed scroll of gold detection
  z - a blessed scroll of light
  B - an uncursed scroll of light
  W - a cursed scroll of light
  w - an uncursed scroll of remove curse
  i - a blessed scroll of stinking cloud
  Q - an uncursed scroll of stinking cloud
  k - an uncursed scroll of teleportation
 Spellbooks  ('+')
  j - an uncursed spellbook of create monster
  D - an uncursed spellbook of detect monsters
  x - an uncursed spellbook of dig
  m - an uncursed spellbook of extra healing
  O - an uncursed spellbook of extra healing
  l - a blessed spellbook of force bolt
  S - an uncursed spellbook of healing
  E - an uncursed spellbook of knock
 Potions  ('!')
  g - an uncursed potion of booze
  f - an uncursed potion of polymorph
  T - an uncursed potion of restore ability
  h - an uncursed potion of see invisible
 Rings    ('=')
  N - an uncursed +1 ring of adornment
  e - an uncursed ring of free action
  d - an uncursed ring of protection from shape changers
 Wands    ('/')
  c - a wand of enlightenment (0:11)
  t - a wand of polymorph (0:7)
  G - a wand of probing (0:7)
 Tools    ('(')
  L - an empty uncursed sack
  o - an uncursed leather drum
  v - an uncursed lock pick
  C - a cursed magic lamp (lit)
  s - a magic marker (0:33)
  n - a magic marker (0:22)
 Gems/Stones  ('*')
  P - an uncursed aquamarine stone
  I - an uncursed jade stone
  J - an uncursed worthless piece of black glass
  Z - a cursed worthless piece of orange glass
  V - 3 uncursed worthless pieces of red glass
  R - an uncursed worthless piece of violet glass
  u - 2 uncursed worthless pieces of yellow glass

Eisengrim the Wizard's attributes:

Background:
 You were a Thaumaturge, a level 6 male elven Wizard.
 You were chaotic, on a mission for Anhur
 who was opposed by Ptah (lawful) and Thoth (neutral).
 You were right-handed.
 You were in the Dungeons of Doom, on level 2.
 You entered the dungeon 4079 turns ago.
 It was nighttime.
 You had 449 experience points, 191 more were needed to attain level 7.

Basics:
 You had 0 out of 38 hit points.
 You had 33 out of 57 energy points (spell power).
 Your armor class was 8.
 Your wallet contained 356 zorkmids.
 Autopickup was off.

Final Characteristics:
 Your strength was 11 (limit:18).
 Your dexterity was 14 (limit:18).
 Your constitution was 13 (limit:16).
 Your intelligence was 20 (limit:20).
 Your wisdom was 11 (limit:20).
 Your charisma was 10 (limit:18).

Final Status:
 You weren't hungry.
 You were burdened; movement was slightly slowed.
 You were wielding a dagger.
 You had basic skill with dagger.

Final Attributes:
 You were piously aligned.
 You were magic-protected.
 You were sleep resistant.
 You had infravision.
 You were warded.
 You are dead.

Miscellaneous:
 You didn't encounter any bones levels.
 Total elapsed playing time was 39 minutes and 55 seconds.

Major events:
 Turn
    1: Eisengrim the chaotic male elven Wizard entered the dungeon
 1241: attained the rank of Conjurer (level 3)
 2053: entered the Gnomish Mines
 3163: reached Mine Town
 3226: attained the rank of Thaumaturge (level 6)
 4079: killed by a rabid rat

Spells:
 Name                 Level Category     Fail Retention
 force bolt             1   attack         0%   71%-80%
 extra healing          3   healing       63%  76%-100%
 detect monsters        1   divination     0%  76%-100%
 restore ability        4   healing       89%  76%-100%
 dig                    5   matter       100%  76%-100%
 create monster         2   clerical      29%  76%-100%
 healing                1   healing        0%  76%-100%

Skills:
 Fighting Skills
   bare handed combat [Unskilled]
   riding             [Unskilled]
 Weapon Skills
   dagger             [Basic]
   knife              [Unskilled]
   axe                [Unskilled]
   short sword        [Unskilled]
   club               [Unskilled]
   mace               [Unskilled]
   quarterstaff       [Basic]
   polearms           [Unskilled]
   spear              [Unskilled]
   trident            [Unskilled]
   sling              [Unskilled]
   dart               [Unskilled]
   shuriken           [Unskilled]
 Spellcasting Skills
   attack spells      [Basic]
   healing spells     [Unskilled]
   divination spells  [Unskilled]
   enchantment spells [Basic]
   clerical spells    [Unskilled]
   escape spells      [Unskilled]
   matter spells      [Unskilled]

Voluntary challenges:
 Character rerolling was not enabled.
 You never genocided any monsters.
 You never polymorphed an object.
 You never changed form.
 You used no wishes.
Achievements:
 You entered a shop.
 You attained the rank of Conjurer.
 You entered the Gnomish Mines.
 You entered Minetown.
 You entered a temple.
 You attained the rank of Thaumaturge.

 The Dungeons of Doom: levels 1 to 4
    Level 1:
    Level 2: <- You were here.
       An armor shop, some fountains.
       Stairs down to The Gnomish Mines.
       Final resting place for
          you, killed by a rabid rat.
    Level 3:
       A grave.
    Level 4:
       An armor shop.
 The Gnomish Mines: levels 3 to 5
    Level 3:
    Level 4:
    Level 5:
       Many shops, a temple and an altar, some fountains.


Vanquished creatures:
  a rock piercer
  2 rock moles
  5 gnome leaders
  2 gnomish wizards
  a gray ooze
  a floating eye
  5 dwarves
  a kobold leader
  7 rothes
  a centipede
  a giant bat
 an orc zombie
 an acid blob
  3 coyotes
  3 gas spores
  3 hobbits
  a large kobold
  2 hobgoblins
  a red mold
 20 gnomes
  4 geckos
  5 jackals
  2 foxes
  3 kobolds
  2 goblins
  a sewer rat
  9 grid bugs
  a bat
  2 lichens
  7 newts
98 creatures vanquished.

No species were genocided or became extinct.

Game over:
                       ----------
                      /          \
                     /    REST    \
                    /      IN      \
                   /     PEACE      \
                  /                  \
                  |    Eisengrim     |
                  |      356 Au      |
                  |   killed by a    |
                  |    rabid rat     |
                  |                  |
                  |                  |
                  |       2026       |
                 *|     *  *  *      | *
        _________)/\\_//(\/(/\)/\//\/|_)_______

Goodbye Eisengrim the Wizard...

You died in The Dungeons of Doom on dungeon level 2 with 2327 points,
and 356 pieces of gold, after 4079 moves.
You were level 6 with a maximum of 38 hit points when you died.

